 Dungeon Crawl Stone Soup version 0.30.1-11-g7821555f0a (webtiles) character file.

Game seed: 5663023491938006767

140 Kallu the Conjurer (level 5, -2/38 HPs)
             Began as a Draconian Conjurer on Jan 15, 2024.
             Slain by Grinder (8 damage)
             ... on level 3 of the Dungeon.
             The game lasted 00:03:06 (2743 turns).

Kallu the Conjurer (Draconian Conjurer)             Turns: 2743, Time: 00:03:06

Health: -2/38      AC:  6    Str:  9    XL:     5   Next: 2%
Magic:  0/9        EV: 12    Int: 20    God:
Gold:   84         SH:  0    Dex: 10    Spells: 7/10 levels left

rFire   . . .        n - +2 hand axe (flame)
rCold   . . .        (no shield)
rNeg    . . .        (body armour unavailable)
rPois   .            (helmet restricted)
rElec   .            (no cloak)
rCorr   .            b - +0 pair of gloves
SInv    .            (no boots)
Will    .....        (no amulet)
Stlth   ++           (no ring)
HPRegen 0.26/turn    (no ring)
MPRegen 0.11/turn

%: no passive effects
@: very slightly contaminated
A: AC +5, unfitting armour, cold-blooded
a: no special abilities


You were on level 3 of the Dungeon.
You visited 1 branch of the dungeon, and saw 3 of its levels.

You collected 84 gold pieces.

Inventory:

Hand Weapons
 n - a +2 hand axe of flaming (weapon)
Armour
 b - a +0 pair of gloves (worn)
Magical Staves
 q - a staff of fire
Jewellery
 g - a ring of poison resistance
 p - a +5 ring of evasion
Scrolls
 c - 3 scrolls of teleportation {unknown}
 d - 2 scrolls of identify {unknown}
 e - a scroll of torment {unknown}
 f - a scroll of summoning {unknown}
 h - a scroll of amnesia {unknown}
 l - a scroll of enchant armour {unknown}
 m - a scroll of poison {unknown}
Potions
 a - a potion of magic
 i - 2 potions of berserk rage {unknown}
 j - 2 potions of curing {unknown}
 k - 2 potions of haste {unknown}
 o - 2 potions of resistance {unknown}


   Skills:
 - Level 1.7 Dodging
 - Level 1.7 Stealth
 - Level 3.0 Spellcasting
 + Level 5.8 Conjurations


You had 7 spell levels left.
You knew the following spells:

 Your Spells              Type           Power      Damage    Failure   Level
a - Magic Dart            Conj           100%       1d8       1%          1
b - Searing Ray           Conj           52%        2d6       1%          2

Your spell library contained the following spells:

 Spells                   Type           Power      Damage    Failure   Level
 Dazzling Flash           Conj/Hex       28%        N/A       13%         3
 Fulminant Prism          Conj/Hex       7%         3d7       38%         4
 Iskenderun's Mystic Bla  Conj/Tloc      14%        2d5       38%         4


Dungeon Overview and Level Annotations

Branches:
Dungeon (3/15)

Altars:

Shops:
D:2 (

Annotations:
D:3 Grinder


Innate Abilities, Weirdness & Mutations

Your plain brown scales are hard. (AC +5)
You cannot fit into any form of body armour.
You are cold-blooded and may be slowed by cold attacks.


Message History

The searing ray hits Grinder!
Grinder is moderately wounded. (Press . to maintain the ray.) Grinder closely misses you.
The searing ray misses Grinder.
Grinder hits you!
You writhe in agony.
The searing ray hits Grinder.
Grinder is moderately wounded.
Grinder hits you.
You writhe in agony.
The searing ray hits Grinder.
Grinder is heavily wounded.
You finish channelling your searing ray.
Grinder gestures at you.
You suddenly lose the ability to move!
Grinder gestures at you. Pain shoots through your body!
* * * LOW HITPOINT WARNING * * *
You can move again.
Unknown command.
Okay, then.
Okay, then.
Casting: Searing Ray (safe; 1% risk of failure)
Confirm with . or Enter, or press ? or * to list all spells.
Aiming: Searing Ray (safe; 1% risk of failure)
Press: ? - help, Shift-Dir - straight line, f/p - Grinder
Aim: Grinder (heavily wounded, 77% to hit)
You miscast Searing Ray.
You are very lightly contaminated with residual magic.
Nothing appears to happen.
Grinder hits you but does no damage.
Unknown command.
Okay, then.
Casting: Searing Ray (safe; 1% risk of failure)
Confirm with . or Enter, or press ? or * to list all spells.
Aiming: Searing Ray (safe; 1% risk of failure)
Press: ? - help, Shift-Dir - straight line, f/p - Grinder
Aim: Grinder (heavily wounded, 77% to hit)
The searing ray hits Grinder.
Grinder is heavily wounded. (Press . to maintain the ray.) Grinder hits you!
You die...

.....#### .......
........# #........
........# #.......#
#.......# #.......#
#........ #.......#
#.......#
#.....†.###5.......
#.........@.....(..
#..................
#.............##.#.
#.............#
#.............#
#.............#
##..............
#.#####..!.?.## #.#
#......#


You could see Grinder.

Vanquished Creatures
  An orc priest (D:3)
  An iguana (D:2)
  2 adders (D:2)
  2 worms
  A dart slug (D:1)
  5 orcs (D:3)
  3 endoplasms (D:1)
  2 giant cockroaches
  9 goblins
  3 hobgoblins
  2 kobolds (D:1)
  3 quokkas (D:1)
  7 ball pythons
  8 bats
  4 frilled lizards
  5 rats
58 creatures vanquished.

Notes
Turn   | Place    | Note
-------+----------+-------------------------------------------
     0 | D:1      | Kallu the Draconian Conjurer began the quest for the Orb.
     0 | D:1      | Reached XP level 1. HP: 14/14 MP: 3/3
   203 | D:1      | Reached XP level 2. HP: 20/20 MP: 3/5
   561 | D:1      | Learned a level 2 spell: Searing Ray
   985 | D:1      | Reached XP level 3. HP: 26/26 MP: 4/7
  1585 | D:2      | Reached skill level 5 in Conjurations
  1585 | D:2      | Reached XP level 4. HP: 33/33 MP: 1/8
  1749 | D:2      | Found Duirghuc's Weapon Emporium.
  1882 | D:2      | Found a faded altar of an unknown god.
  2505 | D:3      | Reached XP level 5. HP: 38/38 MP: 4/9
  2730 | D:3      | Noticed Grinder
  2730 | D:3      | Paralysed by Grinder for 5 turns
  2740 | D:3      | Paralysed by Grinder for 2 turns
  2743 | D:3      | Slain by Grinder

Illustrated notes

Levels and vault maps discovered:
D:1:      minmay_arrival_three_doors, layout_loops_ring
D:2:      layout_rooms, shapermc_ecumenical_altar_flowoftime, serial_shops,
          shop, minmay_tromino_i2
D:3:      layout_basic, uniq_grinder

Skill      XL: |  1  2  3 |
---------------+----------+-----
Spellcasting   | 3 |  3.0
Conjurations   | 5 |  5.8
Dodging        | |  1.7
Stealth        | |  1.7

Action                     |  1- 3 |  4- 6 || total
---------------------------+-------+-------++-------
  Melee: Unarmed           |     3 |     2 ||     5
         Hand axe          |       |    14 ||    14
         Tailslap          |       |     1 ||     1
   Cast: Magic Dart        |    61 |    36 ||    97
         Searing Ray       |     4 |     9 ||    13
 Armour: Skin              |     3 |    13 ||    16
  Dodge: Dodged            |    10 |    22 ||    32
